[ AOE2 MATCH · #475435896 ]
UnrankedFranks vs Franks
[ REPLAY ANALYSIS · EXTRACTED FROM THE RECORDED GAME ]
Feudal
12:22
Castle
23:23
Imperial
39:52
| APM avg | 17.5 |
| APM peak | 48 |
| eAPM avg | 11.2 |
| Villagers / military | 87 / 239 |
Focus
⚔️ 29.1% · 🌾 70.9%
Hand Cannoneer ×111 · Skirmisher ×36 · Spearman ×35 · Knight ×27 · Scout Cavalry ×15 · Throwing Axeman ×8
Feudal
11:50
Castle
22:31
Imperial
46:02
| APM avg | 23.1 |
| APM peak | 62 |
| eAPM avg | 18.0 |
| Villagers / military | 120 / 513 |
Focus
⚔️ 57.2% · 🌾 42.8%
Spearman ×277 · Militia ×97 · Scout Cavalry ×66 · Knight ×53 · Battering Ram ×11 · Trebuchet (Packed) ×6
Feudal
—
Castle
—
Imperial
—
| APM avg | 34.2 |
| APM peak | 100 |
| eAPM avg | 25.8 |
| Villagers / military | 127 / 486 |
Focus
⚔️ 51.8% · 🌾 48.2%
Skirmisher ×218 · Knight ×173 · Spearman ×62 · Battering Ram ×10 · Trebuchet (Packed) ×8 · Militia ×6
Feudal
12:53
Castle
21:05
Imperial
38:30
| APM avg | 12.7 |
| APM peak | 36 |
| eAPM avg | 10.3 |
| Villagers / military | 58 / 293 |
Focus
⚔️ 44.6% · 🌾 55.4%
Archer ×174 · Spearman ×96 · Trebuchet (Packed) ×13 · Battering Ram ×6 · Steppe Lancer ×4
Match map
Initial resources + every placement click. Lines = walls · curves = elevation contours. ◆ gold · ⬟ stone · ● berries · ✦ relic · ◌ wall gap
Your base· Open — 4t gap
Morientis's base
CHONNR10's base
PicanteMartinez's base
Smoothed initial terrain · ◌ = detected wall gap · hover for details
Inputs per minute
— FuNixizz - - Morientis
Build order — FuNixizz
First 150 of 336 actions detected
| 0:27 | Build | House |
| 0:29 | Build | House |
| 0:30 | Create | Villager (Male) |
| 0:30 | Create | Villager (Male) |
| 0:30 | Create | Villager (Male) |
| 0:31 | Create | Villager (Male) |
| 0:31 | Create | Villager (Male) |
| 1:53 | Research | Loom |
| 2:19 | Create | Villager (Male) |
| 2:20 | Create | Villager (Male) |
| 3:17 | Create | Villager (Male) |
| 3:17 | Create | Villager (Male) |
| 3:17 | Create | Villager (Male) |
| 3:48 | Build | Palisade Wall |
| 4:04 | Build | Mill |
| 4:10 | Create | Villager (Male) |
| 4:11 | Create | Villager (Male) |
| 4:11 | Create | Villager (Male) |
| 4:22 | Build | House |
| 5:34 | Create | Villager (Male) |
| 5:34 | Create | Villager (Male) |
| 5:35 | Create | Villager (Male) |
| 5:35 | Create | Villager (Male) |
| 6:47 | Build | Lumber Camp |
| 7:43 | Build | Lumber Camp |
| 7:50 | Create | Villager (Male) |
| 7:50 | Create | Villager (Male) |
| 8:10 | Build | House |
| 9:35 | Build | Mining Camp |
| 10:08 | Create | Villager (Male) |
| 10:12 | Research | Feudal Age |
| 10:45 | Create | Villager (Male) |
| 11:59 | Create | Villager (Male) |
| 12:00 | Create | Villager (Male) |
| 12:22 | Age | Feudal Age |
| 13:20 | Create | Villager (Male) |
| 13:20 | Create | Villager (Male) |
| 14:03 | Build | Stone Wall |
| 14:40 | Build | Lumber Camp |
| 15:18 | Build | Stone Wall |
| 15:27 | Build | Farm |
| 15:34 | Build | Farm |
| 15:36 | Build | Farm |
| 15:37 | Build | Farm |
| 15:46 | Create | Villager (Male) |
| 15:46 | Create | Villager (Male) |
| 15:48 | Research | Wheelbarrow |
| 15:55 | Build | Farm |
| 15:59 | Build | Farm |
| 16:05 | Build | Farm |
| 16:09 | Build | Farm |
| 16:12 | Research | Double-Bit Axe |
| 16:18 | Build | House |
| 16:19 | Build | House |
| 16:21 | Build | House |
| 16:50 | Build | Stone Wall |
| 16:55 | Build | Building 665 |
| 17:01 | Build | Stone Wall |
| 17:14 | Build | Stone Wall |
| 17:26 | Create | Villager (Male) |
| 17:26 | Create | Villager (Male) |
| 17:27 | Create | Villager (Male) |
| 17:48 | Create | Villager (Male) |
| 17:56 | Build | House |
| 18:47 | Build | Market |
| 18:55 | Build | Blacksmith |
| 19:05 | Create | Villager (Male) |
| 19:52 | Build | House |
| 19:53 | Build | House |
| 19:58 | Build | Mill |
| 20:05 | Create | Villager (Male) |
| 20:43 | Research | Castle Age |
| 21:14 | Build | Farm |
| 21:16 | Build | Farm |
| 21:27 | Build | Farm |
| 21:38 | Research | Gold Mining |
| 22:16 | Build | Farm |
| 22:34 | Build | Barracks |
| 22:47 | Create | Villager (Male) |
| 22:47 | Create | Villager (Male) |
| 23:23 | Age | Castle Age |
| 23:41 | Build | Mining Camp |
| 24:07 | Build | Town Center |
| 24:16 | Create | Villager (Male) |
| 24:16 | Create | Villager (Male) |
| 24:55 | Build | Archery Range |
| 24:58 | Build | Stable |
| 25:10 | Build | Farm |
| 25:13 | Build | Farm |
| 25:14 | Create | Villager (Male) |
| 25:15 | Create | Villager (Male) |
| 25:15 | Create | Villager (Male) |
| 25:15 | Create | Villager (Male) |
| 25:15 | Create | Villager (Male) |
| 25:17 | Create | Villager (Male) |
| 25:17 | Create | Villager (Male) |
| 25:43 | Research | Man-at-Arms (upgrade) |
| 25:43 | Research | Gambesons |
| 25:44 | Create | Militia |
| 25:45 | Create | Militia |
| 25:45 | Create | Militia |
| 26:02 | Research | Stone Mining |
| 26:11 | Create | Villager (Male) |
| 26:48 | Build | Town Center |
| 26:56 | Build | University |
| 27:02 | Create | Villager (Male) |
| 27:02 | Create | Villager (Male) |
| 27:03 | Create | Villager (Male) |
| 27:18 | Research | Husbandry |
| 27:19 | Create | Knight |
| 27:19 | Create | Knight |
| 27:19 | Create | Knight |
| 27:46 | Build | Barracks |
| 27:55 | Research | Gold Shaft Mining |
| 28:00 | Research | Bow Saw |
| 28:11 | Build | Monastery |
| 28:20 | Create | Villager (Male) |
| 28:20 | Create | Villager (Male) |
| 28:21 | Create | Villager (Male) |
| 28:21 | Create | Villager (Male) |
| 28:22 | Create | Villager (Male) |
| 28:22 | Create | Villager (Male) |
| 28:47 | Research | Forging |
| 29:00 | Create | Monk |
| 29:13 | Build | Farm |
| 29:16 | Build | Farm |
| 29:17 | Build | Farm |
| 29:19 | Build | Farm |
| 29:26 | Create | Villager (Male) |
| 29:26 | Create | Villager (Male) |
| 29:27 | Create | Villager (Male) |
| 29:36 | Create | Villager (Male) |
| 29:36 | Create | Villager (Male) |
| 29:37 | Create | Villager (Male) |
| 30:07 | Build | Castle |
| 30:19 | Create | Villager (Male) |
| 30:19 | Create | Villager (Male) |
| 30:20 | Create | Villager (Male) |
| 30:20 | Create | Villager (Male) |
| 30:34 | Build | House |
| 30:36 | Build | House |
| 30:37 | Build | House |
| 30:39 | Build | House |
| 31:07 | Create | Skirmisher |
| 31:10 | Create | Knight |
| 31:10 | Create | Knight |
| 31:11 | Create | Knight |
| 31:39 | Build | Castle |
| 31:47 | Build | Stone Wall |
| 31:58 | Create | Knight |
Build order — Morientis
First 150 of 842 actions detected
| 0:03 | Create | Villager (Male) |
| 0:03 | Create | Villager (Male) |
| 0:04 | Create | Villager (Male) |
| 0:04 | Create | Villager (Male) |
| 0:06 | Build | House |
| 0:08 | Build | House |
| 0:10 | Build | House |
| 1:35 | Build | Palisade Wall |
| 1:37 | Build | Building 800 |
| 1:48 | Research | Loom |
| 1:55 | Create | Villager (Male) |
| 2:44 | Create | Villager (Male) |
| 3:08 | Create | Villager (Male) |
| 3:08 | Create | Villager (Male) |
| 3:11 | Build | House |
| 3:52 | Create | Villager (Male) |
| 3:52 | Create | Villager (Male) |
| 4:13 | Create | Villager (Male) |
| 4:13 | Create | Villager (Male) |
| 4:49 | Create | Villager (Male) |
| 4:49 | Create | Villager (Male) |
| 5:04 | Build | Lumber Camp |
| 5:09 | Create | Villager (Male) |
| 5:09 | Create | Villager (Male) |
| 6:29 | Create | Villager (Male) |
| 6:30 | Create | Villager (Male) |
| 6:31 | Create | Villager (Male) |
| 7:27 | Build | Mill |
| 7:58 | Create | Villager (Male) |
| 8:04 | Build | House |
| 8:15 | Build | House |
| 8:25 | Create | Villager (Male) |
| 8:43 | Create | Villager (Male) |
| 8:53 | Build | Lumber Camp |
| 9:00 | Create | Villager (Male) |
| 9:38 | Research | Feudal Age |
| 11:02 | Create | Villager (Male) |
| 11:02 | Create | Villager (Male) |
| 11:25 | Create | Villager (Male) |
| 11:38 | Build | Barracks |
| 11:50 | Age | Feudal Age |
| 11:53 | Build | Blacksmith |
| 12:02 | Create | Villager (Male) |
| 12:19 | Create | Villager (Male) |
| 12:38 | Create | Villager (Male) |
| 12:57 | Create | Villager (Male) |
| 13:04 | Build | Mining Camp |
| 13:20 | Build | House |
| 13:37 | Build | Mill |
| 13:50 | Build | House |
| 14:30 | Create | Villager (Male) |
| 14:36 | Build | Stone Wall |
| 14:40 | Build | Building 665 |
| 14:46 | Build | Stone Wall |
| 14:47 | Create | Villager (Male) |
| 14:57 | Research | Double-Bit Axe |
| 15:07 | Build | Farm |
| 15:08 | Build | Farm |
| 15:11 | Build | Farm |
| 15:40 | Create | Villager (Male) |
| 15:57 | Create | Villager (Male) |
| 16:00 | Create | Villager (Male) |
| 16:27 | Build | Mining Camp |
| 16:57 | Create | Villager (Male) |
| 17:16 | Build | Market |
| 17:41 | Build | Farm |
| 17:41 | Build | Farm |
| 17:41 | Build | Farm |
| 17:42 | Build | Farm |
| 17:42 | Build | Farm |
| 17:50 | Create | Villager (Male) |
| 17:50 | Create | Villager (Male) |
| 18:05 | Build | Lumber Camp |
| 18:26 | Build | Mining Camp |
| 18:32 | Build | House |
| 18:39 | Create | Villager (Male) |
| 19:01 | Build | House |
| 19:03 | Build | House |
| 19:04 | Build | House |
| 19:51 | Research | Castle Age |
| 20:01 | Build | House |
| 20:03 | Build | House |
| 20:04 | Build | House |
| 20:09 | Build | House |
| 20:10 | Build | House |
| 20:11 | Build | House |
| 20:14 | Create | Villager (Male) |
| 20:20 | Build | Stable |
| 20:41 | Build | Barracks |
| 21:04 | Build | Farm |
| 21:05 | Build | Farm |
| 21:05 | Build | Farm |
| 21:05 | Build | Farm |
| 21:06 | Build | Farm |
| 21:06 | Build | Farm |
| 21:08 | Build | Farm |
| 21:16 | Create | Villager (Male) |
| 21:22 | Research | Horse Collar |
| 21:54 | Build | Barracks |
| 21:59 | Create | Spearman |
| 22:00 | Create | Spearman |
| 22:02 | Create | Spearman |
| 22:02 | Create | Spearman |
| 22:31 | Age | Castle Age |
| 22:32 | Research | Pikeman (upgrade) |
| 22:39 | Build | House |
| 22:40 | Build | House |
| 22:41 | Build | House |
| 22:46 | Build | Monastery |
| 22:55 | Build | University |
| 22:57 | Create | Villager (Male) |
| 23:08 | Build | Town Center |
| 23:21 | Create | Villager (Male) |
| 23:22 | Create | Villager (Male) |
| 23:22 | Create | Villager (Male) |
| 23:38 | Create | Villager (Male) |
| 23:48 | Create | Monk |
| 23:51 | Create | Villager (Male) |
| 24:07 | Create | Villager (Male) |
| 24:07 | Create | Villager (Male) |
| 24:25 | Build | Town Center |
| 25:09 | Research | Gambesons |
| 25:12 | Research | Man-at-Arms (upgrade) |
| 25:16 | Create | Militia |
| 25:17 | Create | Militia |
| 25:19 | Create | Militia |
| 25:24 | Build | Barracks |
| 25:30 | Build | Stone Wall |
| 25:34 | Build | Building 673 |
| 25:49 | Create | Villager (Male) |
| 25:50 | Create | Villager (Male) |
| 25:57 | Build | Farm |
| 25:57 | Build | Farm |
| 25:58 | Build | Farm |
| 26:11 | Research | Bow Saw |
| 26:24 | Create | Villager (Male) |
| 26:28 | Build | Mill |
| 26:30 | Build | Farm |
| 26:30 | Build | Farm |
| 26:31 | Build | Farm |
| 26:38 | Build | Farm |
| 26:43 | Create | Villager (Male) |
| 26:46 | Create | Villager (Male) |
| 26:56 | Build | Farm |
| 26:57 | Build | Farm |
| 26:57 | Build | Farm |
| 26:57 | Build | Farm |
| 27:11 | Research | Long Swordsman (upgrade) |
| 27:14 | Create | Militia |
| 27:23 | Build | House |
Build order — CHONNR10
First 150 of 794 actions detected
| 0:05 | Build | House |
| 0:06 | Build | House |
| 0:07 | Create | Villager (Male) |
| 0:07 | Create | Villager (Male) |
| 0:08 | Create | Villager (Male) |
| 0:08 | Create | Villager (Male) |
| 1:32 | Create | Villager (Male) |
| 1:50 | Create | Villager (Male) |
| 2:21 | Create | Villager (Male) |
| 2:33 | Research | Loom |
| 2:50 | Create | Villager (Male) |
| 3:07 | Create | Villager (Male) |
| 3:21 | Create | Villager (Male) |
| 3:52 | Build | Palisade Wall |
| 3:55 | Create | Villager (Male) |
| 4:18 | Build | House |
| 4:23 | Create | Villager (Male) |
| 4:52 | Build | Lumber Camp |
| 5:15 | Build | House |
| 5:18 | Create | Villager (Male) |
| 5:44 | Create | Villager (Male) |
| 6:04 | Create | Villager (Male) |
| 6:26 | Create | Villager (Male) |
| 6:49 | Build | Mill |
| 7:01 | Create | Villager (Male) |
| 7:02 | Create | Villager (Male) |
| 7:02 | Create | Villager (Male) |
| 7:08 | Build | Mill |
| 8:12 | Create | Villager (Male) |
| 8:12 | Create | Villager (Male) |
| 8:12 | Create | Villager (Male) |
| 9:00 | Create | Villager (Male) |
| 9:00 | Create | Villager (Male) |
| 9:57 | Research | Feudal Age |
| 10:11 | Build | Lumber Camp |
| 10:39 | Build | Lumber Camp |
| 10:49 | Create | Villager (Male) |
| 11:16 | Build | House |
| 11:35 | Build | Mining Camp |
| 11:43 | Build | House |
| 11:59 | Build | Palisade Wall |
| 12:12 | Build | Barracks |
| 12:25 | Build | House |
| 12:29 | Create | Villager (Male) |
| 12:35 | Research | Double-Bit Axe |
| 12:37 | Create | Villager (Male) |
| 13:06 | Build | Watch Tower |
| 13:20 | Create | Villager (Male) |
| 13:46 | Create | Villager (Male) |
| 14:18 | Build | Farm |
| 14:21 | Build | Farm |
| 14:24 | Build | Farm |
| 14:29 | Build | Farm |
| 14:36 | Build | Farm |
| 14:39 | Create | Villager (Male) |
| 14:40 | Create | Villager (Male) |
| 14:42 | Build | Farm |
| 14:45 | Build | Farm |
| 14:48 | Build | Farm |
| 15:03 | Build | Lumber Camp |
| 15:08 | Build | Farm |
| 15:11 | Build | Farm |
| 15:17 | Create | Villager (Male) |
| 15:30 | Create | Villager (Male) |
| 15:44 | Build | Market |
| 15:47 | Create | Villager (Male) |
| 16:12 | Build | Blacksmith |
| 16:19 | Build | Farm |
| 16:21 | Create | Villager (Male) |
| 16:34 | Build | Farm |
| 16:35 | Build | Farm |
| 16:49 | Research | Castle Age |
| 17:10 | Build | House |
| 17:13 | Build | House |
| 17:30 | Build | Lumber Camp |
| 17:34 | Create | Villager (Male) |
| 18:04 | Create | Villager (Male) |
| 18:27 | Build | Mining Camp |
| 18:41 | Create | Villager (Male) |
| 18:53 | Create | Militia |
| 19:42 | Build | Town Center |
| 19:49 | Research | Bow Saw |
| 19:50 | Create | Villager (Male) |
| 19:52 | Research | Stone Mining |
| 19:52 | Research | Gold Mining |
| 20:01 | Create | Militia |
| 20:02 | Create | Militia |
| 20:26 | Build | Archery Range |
| 20:33 | Create | Villager (Male) |
| 20:36 | Create | Villager (Male) |
| 20:47 | Build | Town Center |
| 21:10 | Create | Villager (Male) |
| 21:13 | Create | Villager (Male) |
| 21:14 | Create | Villager (Male) |
| 21:15 | Create | Villager (Male) |
| 21:16 | Create | Villager (Male) |
| 21:22 | Research | Man-at-Arms (upgrade) |
| 21:23 | Create | Militia |
| 21:27 | Research | Squires |
| 21:27 | Create | Spearman |
| 21:48 | Build | Stone Wall |
| 22:12 | Build | Building 665 |
| 22:23 | Research | Wheelbarrow |
| 22:24 | Create | Villager (Male) |
| 22:25 | Create | Villager (Male) |
| 22:26 | Create | Villager (Male) |
| 22:26 | Create | Villager (Male) |
| 22:26 | Create | Villager (Male) |
| 22:27 | Create | Villager (Male) |
| 22:27 | Create | Villager (Male) |
| 22:27 | Create | Villager (Male) |
| 22:53 | Build | Siege Workshop |
| 22:58 | Create | Skirmisher |
| 22:58 | Create | Skirmisher |
| 22:59 | Create | Skirmisher |
| 23:09 | Create | Villager (Male) |
| 23:12 | Build | Farm |
| 23:14 | Build | Farm |
| 23:30 | Create | Villager (Male) |
| 23:31 | Create | Villager (Male) |
| 23:31 | Create | Villager (Male) |
| 23:43 | Build | House |
| 23:46 | Build | House |
| 23:52 | Create | Villager (Male) |
| 23:52 | Create | Villager (Male) |
| 23:53 | Create | Villager (Male) |
| 23:53 | Create | Villager (Male) |
| 23:58 | Build | House |
| 24:06 | Create | Battering Ram |
| 24:07 | Create | Battering Ram |
| 24:20 | Build | Lumber Camp |
| 24:24 | Build | House |
| 24:26 | Build | House |
| 24:27 | Build | House |
| 24:45 | Research | Long Swordsman (upgrade) |
| 24:47 | Create | Militia |
| 24:47 | Create | Militia |
| 25:09 | Create | Battering Ram |
| 25:33 | Build | Stable |
| 25:49 | Create | Villager (Male) |
| 25:49 | Create | Villager (Male) |
| 25:50 | Create | Villager (Male) |
| 25:50 | Create | Villager (Male) |
| 25:50 | Create | Villager (Male) |
| 25:51 | Research | Hand Cart |
| 26:19 | Research | Elite Skirmisher (upgrade) |
| 26:19 | Create | Skirmisher |
| 26:19 | Create | Skirmisher |
| 26:20 | Create | Skirmisher |
| 26:21 | Research | Padded Archer Armor |
Build order — PicanteMartinez
First 150 of 240 actions detected
| 0:11 | Build | House |
| 0:13 | Create | Villager (Male) |
| 0:13 | Create | Villager (Male) |
| 0:14 | Create | Villager (Male) |
| 0:14 | Create | Villager (Male) |
| 0:14 | Create | Villager (Male) |
| 1:13 | Research | Loom |
| 1:49 | Create | Villager (Male) |
| 2:06 | Build | Lumber Camp |
| 2:26 | Build | Palisade Wall |
| 2:40 | Create | Villager (Male) |
| 3:06 | Build | Building 796 |
| 3:28 | Create | Villager (Male) |
| 3:28 | Create | Villager (Male) |
| 3:29 | Create | Villager (Male) |
| 3:41 | Build | House |
| 3:49 | Create | Villager (Male) |
| 3:49 | Create | Villager (Male) |
| 4:04 | Create | Villager (Male) |
| 4:04 | Create | Villager (Male) |
| 4:32 | Create | Villager (Male) |
| 5:30 | Create | Villager (Male) |
| 5:31 | Create | Villager (Male) |
| 5:31 | Create | Villager (Male) |
| 6:08 | Create | Villager (Male) |
| 6:09 | Create | Villager (Male) |
| 6:24 | Build | House |
| 6:39 | Build | House |
| 7:19 | Build | Mill |
| 8:04 | Create | Villager (Male) |
| 8:04 | Create | Villager (Male) |
| 8:12 | Build | House |
| 8:34 | Build | Mining Camp |
| 9:31 | Build | Lumber Camp |
| 10:12 | Build | Mining Camp |
| 10:43 | Research | Feudal Age |
| 11:55 | Build | Barracks |
| 12:43 | Build | Mill |
| 12:53 | Age | Feudal Age |
| 13:05 | Build | Watch Tower |
| 13:22 | Create | Villager (Male) ×5 |
| 13:35 | Research | Double-Bit Axe |
| 13:35 | Research | Double-Bit Axe |
| 14:15 | Build | Watch Tower |
| 15:31 | Build | Stable |
| 15:56 | Research | Wheelbarrow |
| 16:29 | Build | Blacksmith |
| 16:35 | Create | Villager (Male) |
| 16:36 | Create | Villager (Male) |
| 17:30 | Build | Market |
| 18:25 | Research | Castle Age |
| 19:01 | Build | Farm |
| 19:01 | Build | Farm |
| 19:01 | Build | Farm |
| 19:02 | Build | Farm |
| 19:02 | Build | Farm |
| 19:02 | Build | Farm |
| 19:52 | Build | House |
| 19:54 | Build | House |
| 20:05 | Build | Archery Range |
| 20:21 | Research | Stone Mining |
| 20:25 | Research | Gold Mining |
| 21:05 | Age | Castle Age |
| 21:15 | Build | Town Center |
| 21:27 | Create | Villager (Male) |
| 21:27 | Create | Villager (Male) |
| 21:40 | Create | Archer |
| 21:40 | Create | Archer |
| 21:44 | Research | Crossbowman (upgrade) |
| 22:05 | Build | Lumber Camp |
| 22:10 | Create | Villager (Male) |
| 22:10 | Create | Villager (Male) |
| 22:13 | Build | Farm |
| 22:27 | Build | Farm |
| 22:28 | Create | Villager (Male) |
| 22:45 | Create | Steppe Lancer |
| 22:53 | Build | Farm |
| 23:37 | Build | House |
| 23:38 | Build | House |
| 23:42 | Build | Farm |
| 23:44 | Create | Villager (Male) |
| 24:00 | Build | Farm |
| 24:07 | Create | Steppe Lancer |
| 24:07 | Create | Steppe Lancer |
| 24:13 | Create | Archer ×4 |
| 24:38 | Build | Farm |
| 24:42 | Research | Town Watch |
| 24:48 | Build | House |
| 25:00 | Build | Siege Workshop |
| 25:08 | Create | Steppe Lancer |
| 25:36 | Build | House |
| 25:38 | Research | Horse Collar |
| 25:43 | Create | Villager (Male) |
| 25:45 | Create | Villager (Male) |
| 25:48 | Create | Villager (Male) |
| 25:49 | Create | Villager (Male) |
| 25:52 | Create | Villager (Male) |
| 26:04 | Create | Battering Ram |
| 26:05 | Create | Battering Ram |
| 26:38 | Create | Villager (Male) |
| 26:38 | Create | Villager (Male) |
| 26:44 | Build | House |
| 27:15 | Build | Lumber Camp |
| 27:33 | Research | Thumb Ring |
| 27:34 | Create | Archer ×2 |
| 27:41 | Build | Mining Camp |
| 27:44 | Create | Villager (Male) |
| 27:44 | Create | Villager (Male) |
| 28:21 | Build | Castle |
| 28:32 | Create | Villager (Male) |
| 28:33 | Create | Villager (Male) |
| 28:40 | Research | Fletching |
| 28:40 | Research | Padded Archer Armor |
| 28:48 | Create | Archer ×3 |
| 29:02 | Create | Villager (Male) |
| 29:02 | Create | Villager (Male) |
| 29:29 | Create | Battering Ram |
| 29:42 | Create | Villager (Male) |
| 29:42 | Create | Villager (Male) |
| 29:50 | Create | Villager (Male) |
| 29:51 | Create | Villager (Male) |
| 29:54 | Build | Mining Camp |
| 30:01 | Create | Battering Ram |
| 30:20 | Build | Mining Camp |
| 30:25 | Build | House |
| 30:25 | Build | House |
| 30:26 | Build | House |
| 30:26 | Build | House |
| 30:53 | Create | Battering Ram |
| 30:54 | Create | Battering Ram |
| 32:11 | Build | Farm |
| 32:18 | Research | Scale Barding Armor |
| 32:18 | Research | Forging |
| 32:18 | Research | Scale Mail Armor |
| 32:46 | Build | Castle |
| 35:20 | Research | Imperial Age |
| 35:39 | Build | University |
| 35:45 | Create | Villager (Male) |
| 35:58 | Build | Archery Range |
| 36:04 | Create | Archer ×5 |
| 36:17 | Build | Archery Range |
| 36:27 | Build | Farm |
| 36:33 | Create | Villager (Male) ×5 |
| 37:02 | Research | Ballistics |
| 37:06 | Create | Archer ×5 |
| 37:35 | Build | Castle |
| 37:51 | Create | Archer ×5 |
| 37:51 | Create | Archer ×5 |
| 38:30 | Age | Imperial Age |
| 39:11 | Research | Murder Holes |
Match timeline
| 1:35 | Morientis · wall_segment Palisade Wall x7 |
| 2:26 | PicanteMartinez · wall_segment Palisade Wall x11 |
| 3:48 | FuNixizz · wall_segment Palisade Wall x6 |
| 3:52 | CHONNR10 · wall_segment Palisade Wall x7 |
| 11:38 | Morientis · first_building Barracks |
| 11:50 | Morientis · age_up feudal |
| 11:55 | PicanteMartinez · first_building Barracks |
| 11:59 | CHONNR10 · wall_segment Palisade Wall x1 |
| 12:12 | CHONNR10 · first_building Barracks |
| 12:22 | FuNixizz · age_up feudal |
| 12:53 | PicanteMartinez · age_up feudal |
| 14:03 | FuNixizz · wall_segment Stone Wall x7 |
| 14:36 | Morientis · wall_segment Stone Wall x9 |
| 14:46 | Morientis · wall_segment Stone Wall x3 |
| 15:18 | FuNixizz · wall_segment Stone Wall x4 |
| 15:31 | PicanteMartinez · first_building Stable |
| 16:50 | FuNixizz · wall_segment Stone Wall x3 |
| 17:01 | FuNixizz · wall_segment Stone Wall x2 |
| 17:14 | FuNixizz · wall_segment Stone Wall x4 |
| 19:36 | CHONNR10 · first_market_sell 100 wood |
| 19:36 | CHONNR10 · first_market_buy 100 stone |
| 20:05 | PicanteMartinez · first_building Archery Range |
| 20:20 | Morientis · first_building Stable |
| 20:26 | CHONNR10 · first_building Archery Range |
| 21:05 | PicanteMartinez · age_up castle |
| 21:48 | CHONNR10 · wall_segment Stone Wall x5 |
| 22:31 | Morientis · age_up castle |
| 22:34 | FuNixizz · first_building Barracks |
| 22:46 | Morientis · first_building Monastery |
| 22:53 | CHONNR10 · first_building Siege Workshop |
| 23:23 | FuNixizz · age_up castle |
| 24:55 | FuNixizz · first_building Archery Range |
| 24:58 | FuNixizz · first_building Stable |
| 25:00 | PicanteMartinez · first_building Siege Workshop |
| 25:30 | Morientis · wall_segment Stone Wall x6 |
| 25:33 | CHONNR10 · first_building Stable |
| 26:58 | CHONNR10 · first_building Castle |
| 28:11 | FuNixizz · first_building Monastery |
| 28:21 | PicanteMartinez · first_building Castle |
| 30:07 | FuNixizz · first_building Castle |
| 31:20 | Morientis · first_building Siege Workshop |
| 31:47 | FuNixizz · wall_segment Stone Wall x3 |
| 36:29 | FuNixizz · first_market_sell 100 wood |
| 36:37 | FuNixizz · first_market_buy 100 food |
| 37:18 | FuNixizz · first_building Siege Workshop |
| 38:30 | PicanteMartinez · age_up imperial |
| 39:19 | PicanteMartinez · wall_segment Stone Wall x8 |
| 39:49 | FuNixizz · wall_segment Stone Wall x1 |
| 39:52 | FuNixizz · age_up imperial |
| 46:02 | Morientis · age_up imperial |
| 47:41 | Morientis · first_building Castle |
| 51:24 | PicanteMartinez · tribute_sent a jugador 1 |
| 51:24 | PicanteMartinez · tribute_sent a jugador 2 |
| 51:24 | PicanteMartinez · tribute_sent a jugador 3 |
| 53:18 | Morientis · wall_segment Stone Wall x1 |
| 59:38 | Morientis · first_market_sell 500 wood |
| 60:21 | Morientis · wall_segment Stone Wall x2 |
| 68:51 | Morientis · resign |
[ AI ANALYSIS · 1 CREDIT ]
What really happened in this match?
Wolo.gg analyzes every decision: build order, eco, micro, common mistakes by bracket. Personalized analysis on WhatsApp or Discord in 30 seconds.
Civ guide
Franks
Perfil
Jugador #14139513